 Dungeon Crawl Stone Soup version 0.31-a0-986-g5e6e4ef867 (console) character file.

Game seed: 2093492448914068972

1813 jejorda2 the Chopper (level 9, -3/109 HPs)
             Began as a Gnoll Berserker on Nov 13, 2023.
             Was a Believer of Trog.
             Slain by a steam dragon (7 damage)
             ... on level 6 of the Dungeon on Nov 14, 2023.
             The game lasted 00:11:21 (4973 turns).

jejorda2 the Chopper (Gnoll Berserker)              Turns: 4973, Time: 00:11:22

Health: -3/109     AC: 12    Str: 21    XL:     9   Next: 10%
Magic:  15/15      EV: 10    Int:  7    God:    Trog [**....]
Gold:   323        SH:  0    Dex: 11    Spells: 16/16 levels left

rFire   . . .        a - +0 war axe
rCold   . . .        (no shield)
rNeg    . . .        e - +1 chain mail {Will+}
rPois   .            (no helmet)
rElec   .            (no cloak)
rCorr   .            d - +0 pair of gloves
SInv    .            (no boots)
Will    +....        y - amulet of the acrobat Stlth
                     (no ring)
HPRegen 0.38/turn    (no ring)
MPRegen 0.14/turn

%: acrobat
@: berserking, very quick
A: fangs 1, strong nose, distributed training
a: Renounce Religion, Berserk, Trog's Hand


You were on level 6 of the Dungeon.
You worshipped Trog.
Trog was pleased with you.
You visited 1 branch of the dungeon, and saw 6 of its levels.

You collected 323 gold pieces.

Inventory:

Hand Weapons
 a - a +0 war axe (weapon)
 u - a +1 heavy flail
Missiles
 i - 6 darts of dispersal
 w - 3 boomerangs
 x - 6 curare-tipped darts
Armour
 d - a +0 pair of gloves (worn)
 e - a +1 chain mail of willpower (worn)
 r - a +0 chain mail
Jewellery
 y - an amulet of the acrobat (around neck)
Wands
 o - a wand of mindburst (4)
 q - a wand of flame (32)
 s - a wand of polymorph (7)
 v - a wand of digging (5)
Scrolls
 c - a scroll of teleportation
 p - a scroll of enchant weapon
 t - a scroll of blinking {unknown}
Potions
 b - 2 potions of resistance
 f - a potion of brilliance {unknown}
 g - a potion of curing {unknown}
 h - a potion of might {unknown}
 j - a potion of enlightenment {unknown}
 k - a potion of heal wounds
 l - a potion of lignification {unknown}
 m - a potion of attraction {unknown}
 n - 2 potions of mutation


   Skills:
 + Level 7.7 Fighting
 + Level 4.0 Short Blades
 + Level 4.0 Long Blades
 + Level 7.7 Axes
 + Level 4.0 Maces & Flails
 + Level 4.0 Polearms
 + Level 4.0 Staves
 + Level 4.0 Ranged Weapons
 + Level 4.0 Throwing
 + Level 6.1 Armour
 + Level 6.1 Dodging
 + Level 4.0 Stealth
 + Level 4.0 Shields
 + Level 4.0 Unarmed Combat
 + Level 4.0 Spellcasting
 + Level 3.2 Conjurations
 + Level 3.2 Hexes
 + Level 3.2 Summonings
 + Level 3.2 Necromancy
 + Level 3.2 Translocations
 + Level 3.2 Transmutations
 + Level 3.2 Fire Magic
 + Level 3.2 Ice Magic
 + Level 3.2 Air Magic
 + Level 3.2 Earth Magic
 + Level 3.2 Poison Magic
 + Level 4.4 Invocations
 + Level 4.0 Evocations
 + Level 3.6 Shapeshifting


You had 16 spell levels left.
You didn't know any spells.
Your spell library was empty.

Dungeon Overview and Level Annotations

Branches:
Dungeon (6/15)             Temple (0/1) D:6

Altars:
Ashenzari
Fedhas
Qazlal
Trog

Shops:
D:1 [


Innate Abilities, Weirdness & Mutations

You have very sharp teeth.
Your uncanny sense of smell can sniff out nearby items.
Your experience applies equally to all skills.


Message History

The steam dragon closely misses you.
The steam dragon claws you but does no damage.
The steam dragon breathes steam at you. The ball of steam hits you!!
* * * LOW HITPOINT WARNING * * *
You slash the steam dragon!
The steam dragon is moderately wounded.
You are engulfed in a cloud of scalding steam.
The steam dragon bites you but does no damage.
The steam dragon claws you.
* * * LOW HITPOINT WARNING * * *
You hit the steam dragon but do no damage.
The steam dragon is moderately wounded.
You are engulfed in a cloud of scalding steam.
* * * LOW HITPOINT WARNING * * *
The steam dragon bites you.
* * * LOW HITPOINT WARNING * * *
The steam dragon claws you but does no damage.
You feel much better.
You are engulfed in a cloud of scalding steam.
The steam dragon bites you!
* * * LOW HITPOINT WARNING * * *
The steam dragon claws you but does no damage.
A red film seems to cover your vision as you go berserk!
You feel yourself moving faster!
You feel mighty!
You are engulfed in a cloud of scalding steam.
* * * LOW HITPOINT WARNING * * *
The steam dragon barely misses you. x2
You slash the steam dragon! Your punch misses the steam dragon.
The steam dragon is severely wounded.
The steam dragon bites you!
* * * LOW HITPOINT WARNING * * *
The steam dragon claws you.
* * * LOW HITPOINT WARNING * * *
You barely miss the steam dragon.
The steam dragon is severely wounded.
You hit the steam dragon. You bite the steam dragon.
The steam dragon is severely wounded.
The steam dragon bites you!
You die...

#.##.#.#
####.### #. .#.#
#......# #. ..
#.##.#.# ## ...
#.##.#.# ..
#.##.#.#
#.##.#)#
#.##.#.# #######
#.(....# #..D@.#
#######.###
#.###.#
#.......#
###.####.#######
...#........#
#.......#####
#.......#
......##.#
##.### #.# #.
#.#


You could see a steam dragon.

Vanquished Creatures
  Grinder (D:4)
  A wraith (D:6)
  A sky beast (D:6)
  2 black bears (D:6)
  3 ogres
  3 scorpions
  3 howler monkeys
  An orc priest (D:5)
  3 jellies
  4 hounds
  Ijyb (D:3)
  Terence (D:3)
  8 orc wizards
  4 gnolls (D:3)
  3 adders
  A shadow imp (D:6)
  A white imp (D:6)
  2 ufetubi (D:5)
  3 worms
  6 dart slugs
  15 orcs
  3 bats
  6 endoplasms
  5 giant cockroaches
  2 goblins
  5 hobgoblins
  6 jackals
  8 kobolds
  6 quokkas
  2 ball pythons
  3 frilled lizards
  A rat (D:1)
  A spectral hobgoblin (D:2)
115 creatures vanquished.

Notes
Turn   | Place    | Note
-------+----------+-------------------------------------------
     0 | D:1      | jejorda2 the Gnoll Berserker began the quest for the Orb.
     0 | D:1      | Reached XP level 1. HP: 23/23 MP: 1/1
   119 | D:1      | Reached XP level 2. HP: 28/29 MP: 2/2
   320 | D:1      | Found Ynwahi Fios's Armour Shop.
   623 | D:1      | Reached XP level 3. HP: 35/35 MP: 3/3
  1046 | D:2      | Reached skill level 1 in Invocations
  1061 | D:2      | Reached skill level 1 in Short Blades
  1061 | D:2      | Reached skill level 1 in Long Blades
  1061 | D:2      | Reached skill level 1 in Maces & Flails
  1061 | D:2      | Reached skill level 1 in Polearms
  1061 | D:2      | Reached skill level 1 in Staves
  1061 | D:2      | Reached skill level 1 in Ranged Weapons
  1061 | D:2      | Reached skill level 1 in Throwing
  1061 | D:2      | Reached skill level 1 in Stealth
  1061 | D:2      | Reached skill level 1 in Shields
  1061 | D:2      | Reached skill level 1 in Unarmed Combat
  1061 | D:2      | Reached skill level 1 in Spellcasting
  1061 | D:2      | Reached skill level 1 in Evocations
  1205 | D:2      | Reached ** piety under Trog
  1276 | D:2      | Found a faded altar of an unknown god.
  1331 | D:2      | Reached XP level 4. HP: 40/40 MP: 5/5
  1495 | D:2      | Reached skill level 1 in Shapeshifting
  1775 | D:3      | Noticed Ijyb
  1809 | D:3      | Killed Ijyb
  1810 | D:3      | Reached skill level 1 in Conjurations
  1810 | D:3      | Reached skill level 1 in Hexes
  1810 | D:3      | Reached skill level 1 in Summonings
  1810 | D:3      | Reached skill level 1 in Necromancy
  1810 | D:3      | Reached skill level 1 in Translocations
  1810 | D:3      | Reached skill level 1 in Transmutations
  1810 | D:3      | Reached skill level 1 in Fire Magic
  1810 | D:3      | Reached skill level 1 in Ice Magic
  1810 | D:3      | Reached skill level 1 in Air Magic
  1810 | D:3      | Reached skill level 1 in Earth Magic
  1810 | D:3      | Reached skill level 1 in Poison Magic
  1972 | D:3      | Reached XP level 5. HP: 47/47 MP: 6/6
  2089 | D:3      | Noticed Terence
  2096 | D:3      | Killed Terence
  2430 | D:4      | Reached XP level 6. HP: 48/53 MP: 8/8
  2463 | D:4      | Reached skill level 5 in Armour
  2463 | D:4      | Reached skill level 5 in Dodging
  2640 | D:4      | Reached XP level 7. HP: 44/59 MP: 10/10
  2744 | D:4      | Noticed Grinder
  2762 | D:5      | Identified the "Kiuj"
  2762 | D:5      | Entered Level 5 of the Dungeon
  2816 | D:4      | Killed Grinder
  3070 | D:4      | Found a stormy altar of Qazlal.
  3159 | D:4      | Found a blossoming altar of Fedhas.
  3443 | D:5      | Reached XP level 8. HP: 53/67 MP: 12/12
  4097 | D:5      | Found a broken altar of Ashenzari.
  4217 | D:5      | Found a bloodstained altar of Trog.
  4554 | D:6      | Found a staircase to the Ecumenical Temple.
  4554 | D:6      | Noticed a wraith
  4570 | D:6      | Killed a wraith
  4718 | D:6      | Reached XP level 9. HP: 53/73 MP: 14/14
  4968 | D:6      | HP: 1/73 [steam dragon (5)]
  4973 | D:6      | Slain by a steam dragon

Illustrated notes

Levels and vault maps discovered:
D:1:      minmay_arrival_five_plusses, layout_basic, serial_shops,
          nicolae_shop_peninsula, serial_forest, infiniplex_forest_clump_medium,
          infiniplex_forest_straight_2, infiniplex_forest_clump_C,
          infiniplex_forest_end_2
D:2:      layout_loops_ring, dreamdust_ecumenical_altar_drowned_temple
D:3:      layout_rooms, uniq_terence, uniq_ijyb
D:4:      layout_cave_pools, mainiacjoe_overflow_brackets,
          nicolae_qazlal_eye_of_the_storm, uniq_grinder
D:5:      layout_loops_ring, general_overflow_altar, kennysheep_little_box
D:6:      layout_loops_cross, minmay_temple_entry_ruins

Skill      XL: |  1  2  3  4  5  6  7  8  9 |
---------------+----------------------------+-----
Invocations    | 1 2 3 4 |  4.4
Short Blades   | 1 2 3 4 |  4.0
Long Blades    | 1 2 3 4 |  4.0
Maces & Flails | 1 2 3 4 |  4.0
Polearms       | 1 2 3 4 |  4.0
Staves         | 1 2 3 4 |  4.0
Ranged Weapons | 1 2 3 4 |  4.0
Throwing       | 1 2 3 4 |  4.0
Stealth        | 1 2 3 4 |  4.0
Shields        | 1 2 3 4 |  4.0
Unarmed Combat | 1 2 3 4 |  4.0
Spellcasting   | 1 2 3 4 |  4.0
Evocations     | 1 2 3 4 |  4.0
Shapeshifting  | 1 2 3 |  3.6
Conjurations   | 1 2 3 |  3.2
Hexes          | 1 2 3 |  3.2
Summonings     | 1 2 3 |  3.2
Necromancy     | 1 2 3 |  3.2
Translocations | 1 2 3 |  3.2
Transmutations | 1 2 3 |  3.2
Fire Magic     | 1 2 3 |  3.2
Ice Magic      | 1 2 3 |  3.2
Air Magic      | 1 2 3 |  3.2
Earth Magic    | 1 2 3 |  3.2
Poison Magic   | 1 2 3 |  3.2
Armour         | 5 6 |  6.1
Dodging        | 5 6 |  6.1
Fighting       | 7 |  7.7
Axes           | 7 |  7.7

Action                     |  1- 3 |  4- 6 |  7- 9 || total
---------------------------+-------+-------+-------++-------
  Melee: Hand axe          |   103 |   154 |   137 ||   394
         Bite              |     7 |    14 |    22 ||    43
         Punch             |     3 |     3 |     2 ||     8
         War axe           |       |       |    71 ||    71
         Unarmed           |       |       |     5 ||     5
 Invoke: Berserk           |       |     5 |     9 ||    14
         Trog's Hand       |       |     1 |     4 ||     5
    Use: Scroll            |       |       |     6 ||     6
         Potion            |       |       |     2 ||     2
 Armour: Animal skin       |    24 |       |       ||    24
         Ring mail         |    12 |    49 |       ||    61
         Leather armour    |     3 |       |       ||     3
         Chain mail        |       |    37 |   221 ||   258
  Dodge: Dodged            |    61 |    83 |    93 ||   237

Table legend: (Time is in decaauts)
 A = Elapsed time spent in this place.
 B = Non-inter-level travel time spent in this place.
 C = Inter-level travel time spent in this place.
 D = Time resting spent in this place.
 E = Time spent auto-exploring this place.
 F = Levels seen in this place.
 G = Mean time per level.
                   A        B        C        D        E       F      G
               +--------+--------+--------+--------+--------+-----+--------+
         Total |   5122 |   4892 |    230 |    520 |   3333 |   6 |  853.7 |
       Dungeon |   5122 |   4892 |    230 |    520 |   3333 |   6 |  853.7 |
               +--------+--------+--------+--------+--------+-----+--------+

Top non-repeatable levels by time:
     D:5: 1254 daAuts
     D:4: 957 daAuts
     D:1: 895 daAuts
     D:2: 741 daAuts
     D:3: 709 daAuts
     D:6: 563 daAuts
